 Dungeon Crawl Stone Soup version 0.29-a0-330-g52719c12eb (webtiles) character file.

Game seed: 15060321329871960650

723 dohliylev the Ruffian (level 7, -11/67 HPs)
             Began as a Troll Warper on May 30, 2022.
             Mangled by Crazy Yiuf
             ... wielding a +4 quarterstaff of chaos
              (16 damage)
             ... on level 4 of the Dungeon.
             The game lasted 00:09:17 (3023 turns).

dohliylev the Ruffian (Troll Warper)                Turns: 3023, Time: 00:09:17

Health: -11/67     AC:  4    Str: 22    XL:     7   Next: 43%
Magic:  1/8        EV: 10    Int:  9    God:
Gold:   127        SH:  0    Dex:  9    Spells: 4/9 levels left

rFire   . . .      SeeInvis .     - Unarmed
rCold   . . .      Faith    .   (no shield)
rNeg    . . .      Spirit   .   a - +0 robe
rPois   .          Reflect  .   q - +0 hat
rElec   .          Harm     .   (no cloak)
rCorr   .          Rampage  .   (gloves unavailable)
Will    .....                   (boots unavailable)
Stlth   +.........              (no amulet)
HPRegen 1.01/turn               (no ring)
MPRegen 0.11/turn               (no ring)

@: lethally poisoned (-11 -> -15), on blink cooldown
A: large, unfitting armour, claws 3, regeneration 1, shaggy fur 1, tough skin 1
a: no special abilities


You were on level 4 of the Dungeon.
You visited 1 branch of the dungeon, and saw 4 of its levels.

You collected 127 gold pieces.

Inventory:

Missiles
 c - 4 boomerangs of dispersal
 h - 5 javelins (quivered)
Armour
 a - a +0 robe (worn)
 q - a +0 hat (worn)
Wands
 k - a wand of flame (13)
Scrolls
 b - a scroll of blinking
 e - a scroll of enchant weapon {unknown}
 f - 3 scrolls of immolation {unknown}
 l - 3 scrolls of holy word {unknown}
 m - 3 scrolls of identify {unknown}
 n - a scroll of brand weapon {unknown}
 o - 3 scrolls of teleportation {unknown}
Potions
 d - 2 potions of flight {unknown}
 g - 4 potions of curing {unknown}
 i - a potion of haste {unknown}
 j - a potion of degeneration {unknown}
 p - a potion of resistance {unknown}


   Skills:
 * Level 3.0 Fighting
 + Level 2.2 Throwing
 * Level 4.0 Dodging
 + Level 4.6 Unarmed Combat
 + Level 1.9 Spellcasting
 + Level 3.0 Translocations


You had 4 spell levels left.
You knew the following spells:

 Your Spells              Type           Power      Damage    Failure   Level
a - Blink                 Tloc           12%        N/A       14%         2
b - Lesser Beckoning      Tloc           6%         N/A       28%         3

Your spell library contained the following spells:

 Spells                   Type           Power      Damage    Failure   Level
 Gell's Gravitas          Tloc           6%         N/A       28%         3
 Teleport Other           Tloc           6%         N/A       28%         3
 Corpse Rot               Necr/Air       0%         N/A       45%         2
 Poisonous Vapours        Pois/Air       0%         N/A       45%         2
 Manifold Assault         Tloc           6%         N/A       95%         5


Dungeon Overview and Level Annotations

Branches:
Dungeon (4/15)
 Temple: D:4-7

Altars:
Makhleb

Annotations:
D:3 1 runed translucent door, dezertu's ghost, weakling TeHu
D:4 Crazy Yiuf


Innate Abilities, Weirdness & Mutations

You are too large for most types of armour.
You have claws for hands.
Your natural rate of healing is unusually fast.
You are covered in fur. (AC +1)
You have tough skin. (AC +1)


Message History

Your Fighting skill increases to level 3!
Your Translocations skill increases to level 3!
No target in view!
No target in view!
Unknown command.
You see here a +0 club.
A quokka comes into view.
The quokka twitches its whiskers.
You claw the quokka!
You kill the quokka!
There is a stone staircase leading down here.
You see here a +0 whip.
Crazy Yiuf shouts!
Crazy Yiuf says, "Walk noodlescoop forty-two!"
You open the door. You barely miss Crazy Yiuf.
Crazy Yiuf hits you with a +4 quarterstaff of chaos!
You feel your power leaking away.
You closely miss Crazy Yiuf.
Crazy Yiuf hits you with a +4 quarterstaff of chaos!
You are electrocuted!
Casting: Blink (safe; 14% risk of failure)
Confirm with . or Enter, or press ? or * to list all spells.
You blink.
Crazy Yiuf hits you with a +4 quarterstaff of chaos!
You are poisoned.
You claw Crazy Yiuf!
Crazy Yiuf is heavily wounded.
You feel very sick. Crazy Yiuf barely misses you.
Okay, then.
You feel sick.
Blink to where?
Press: ? - help, Dir - move target
Okay, then.
Crazy Yiuf attacks as you move away!
Crazy Yiuf hits you with a +4 quarterstaff of chaos!
* * * LOW HITPOINT WARNING * * *
You are electrocuted!
You die...

######### #.....).#
#.####### #.# ###
♣♣♣♣♣### #.# #.#
#####♣♣♣.♣....## ##
#.#####.#
#...#♣..♣..♣...###.
#.......#
#.@g'.♣♣♣♣......#.#
##.....## #)..#♣♣
♣♣......##
##....)..# #####
♣♣##....# #
#.......## #..##.
####..).....#
#..##.
...........###
#..##.
#####.....##.#
#..##. # ##...###.#
#).##. # ##.## #.#
######..###


You could see Crazy Yiuf.

Vanquished Creatures
  Edmund (D:4)
  An ogre (D:4)
  A phantom (D:4)
  A necrophage (D:4)
  A scorpion (D:4)
  An orc priest (D:4)
  3 orc wizards (D:4)
  11 gnolls (D:3)
  2 adders (D:2)
  A shadow imp (D:4)
  5 worms
  5 orcs
  3 ball pythons
  3 endoplasms
  3 giant cockroaches
  6 goblins
  8 hobgoblins
  4 jackals (D:3)
  4 quokkas
  5 bats
  3 frilled lizards
  9 kobolds
  A rat (D:2)
82 creatures vanquished.

Notes
Turn   | Place    | Note
-------+----------+-------------------------------------------
     0 | D:1      | dohliylev the Troll Warper began the quest for the Orb.
     0 | D:1      | Reached XP level 1. HP: 19/19 MP: 1/1
   241 | D:1      | Found a faded altar of an unknown god.
   250 | D:1      | Reached skill level 1 in Throwing
   450 | D:1      | Reached XP level 2. HP: 27/27 MP: 3/3
   502 | D:1      | Learned a level 2 spell: Blink
   783 | D:2      | Reached XP level 3. HP: 19/35 MP: 4/4
   933 | D:2      | Found a burning altar of Makhleb.
  1167 | D:3      | Found a runed translucent door.
  1419 | D:3      | Reached XP level 4. HP: 41/42 MP: 5/5
  1657 | D:3      | Reached XP level 5. HP: 13/49 MP: 6/6
  1658 | D:3      | HP: 2/49 [gnoll/+0 flail (3)]
  1683 | D:3      | Noticed dezertu's ghost (weakling TeHu)
  1942 | D:4      | Noticed an ogre
  2000 | D:4      | Learned a level 3 spell: Lesser Beckoning
  2233 | D:4      | Reached XP level 6. HP: 21/58 MP: 4/7
  2465 | D:4      | Reached XP level 7. HP: 53/66 MP: 6/8
  2491 | D:4      | Found a runed translucent door.
  2492 | D:4      | Noticed Crazy Yiuf
  2534 | D:4      | Noticed Edmund
  2604 | D:4      | Killed Edmund
  3023 | D:4      | Mangled by Crazy Yiuf

Illustrated notes

Levels and vault maps discovered:
D:1:      mainiacjoe_arrival_reflecting_pool, layout_loops_ring,
          ebering_ecumenical_altar_abandoned, serial_bayou_pond_e
D:2:      layout_rooms, basic_altar
D:3:      layout_loops_cross, ebering_ghost_sewer_d
D:4:      layout_loops_ring, uniq_edmund, uniq_crazy_yiuf_cottage

Skill      XL: |  1  2  3  4  5  6  7 |
---------------+----------------------+-----
Dodging        | 2 3 4 |  4.0
Throwing       | 1 2 |  2.2
Fighting       | 2 3 |  3.0
Unarmed Combat | 3 4 |  4.6
Translocations | 3 |  3.0
Spellcasting   | |  1.9

Action                   |  1- 3 |  4- 6 |  7- 9 || total
-------------------------+-------+-------+-------++-------
Melee: Unarmed           |    97 |   146 |    38 ||   281
       Punch             |       |     4 |     1 ||     5
Throw: Javelin           |    22 |    10 |     3 ||    35
       Boomerang         |     4 |       |       ||     4
 Cast: Blink             |       |     9 |     2 ||    11
       Lesser Beckoning  |       |     1 |       ||     1
 Stab: Sleeping          |     1 |       |       ||     1
       Distracted        |     1 |       |       ||     1
Armor: Robe              |    36 |    33 |     7 ||    76
Dodge: Dodged            |    45 |    74 |    21 ||   140

Table legend: (Time is in decaauts)
 A = Elapsed time spent in this place.
 B = Non-inter-level travel time spent in this place.
 C = Inter-level travel time spent in this place.
 D = Time resting spent in this place.
 E = Time spent auto-exploring this place.
 F = Levels seen in this place.
 G = Mean time per level.
                   A        B        C        D        E       F      G
               +--------+--------+--------+--------+--------+-----+--------+
         Total |   3027 |   2964 |     63 |    141 |   1876 |   4 |  756.8 |
       Dungeon |   3027 |   2964 |     63 |    141 |   1876 |   4 |  756.8 |
               +--------+--------+--------+--------+--------+-----+--------+

Top non-repeatable levels by time:
     D:4: 1047 daAuts
     D:3: 842 daAuts
     D:1: 637 daAuts
     D:2: 500 daAuts
